 Dungeon Crawl Stone Soup version 0.20-a0-848-g73d9be0 (console) character file.

159 nht the Twirler (level 5, -18/50 HPs)
             Began as an Ogre Gladiator on Mar 9, 2017.
             Was an Initiate of Okawaru.
             Demolished by a kobold
             ... wielding a +2 whip of electrocution
              (19 damage)
             ... on level 3 of the Dungeon.
             The game lasted 00:03:51 (3145 turns).

nht the Twirler (Ogre Gladiator)                    Turns: 3145, Time: 00:03:52

Health: -18/50     AC:  3    Str: 18    XL:     5   Next: 40%
Magic:  5/5        EV: 10    Int: 10    God:    Okawaru [......]
Gold:   145        SH:  0    Dex: 10    Spells: 4/4 levels left

rFire    . . .     SeeInvis .   a - +1 quarterstaff
rCold    . . .     Gourm    .   b - +0 robe
rNeg     . . .     Faith    .   (shield currently unavailable)
rPois    .         Spirit   .   c - +0 hat
rElec    .         Reflect  .   (no cloak)
rCorr    .         Harm     .   (gloves unavailable)
MR       .....                  (boots unavailable)
Stlth    +.........             (no amulet)
Regen    0.2/turn               (no ring)
MPRegen  0.1/turn               (no ring)

@: no status effects
A: unfitting armour, tough skin 1
a: Renounce Religion


You were on level 3 of the Dungeon.
You worshipped Okawaru.
Okawaru was noncommittal.
You were not hungry.

You visited 1 branch of the dungeon, and saw 3 of its levels.

You collected 145 gold pieces.

Inventory:

Hand Weapons
 a - a +1 quarterstaff (weapon)
Missiles
 d - 3 throwing nets (quivered)
Armour
 b - a +0 robe (worn)
 c - a +0 hat (worn)
Jewellery
 i - a +5 ring of protection {unknown}
 j - an uncursed ring of stealth {unknown}
 o - an uncursed amulet of magic regeneration
 q - an uncursed ring of protection from cold {unknown}
Scrolls
 e - 4 scrolls of identify
 l - a scroll of remove curse
Comestibles
 f - 2 bread rations
 k - a royal jelly
 s - a meat ration


   Skills:
 - Level 2.6 Fighting
 + Level 5.9 Staves
 - Level 2.0 Throwing
 - Level 2.6 Dodging


You had 4 spell levels left.
You didn't know any spells.

Dungeon Overview and Level Annotations

Branches:
Dungeon (3/15)

Altars:
Dithmenos
Okawaru
Xom


Innate Abilities, Weirdness & Mutations

You are too large for most types of armour.
You have tough skin. (AC +1)


Message History

You feel much better.
The kobold hits you with a whip of electrocution.
You are electrocuted!
* * * LOW HITPOINT WARNING * * *
The orc wizard barely misses you.
You closely miss the kobold.
The orc wizard points at you and mumbles some strange words.
The magic dart hits you!
* * * LOW HITPOINT WARNING * * *
The kobold closely misses you.
You barely miss the kobold. The orc wizard barely misses you.
The orc wizard hits you but does no damage.
The kobold completely misses you.
You hit the kobold.
The kobold is severely wounded.
The orc wizard completely misses you.
The kobold hits you with a whip of electrocution!
* * * LOW HITPOINT WARNING * * *
You are electrocuted!
You die...

██.█...........█....█....██..███.
)..).......███.█....█........█ █.
██|████...............█..██.██ █.
█.████.██)███.███...██..██.█ █.
█.........███(██.oo.██..██.████o
██████.████...(..█..██.....§§§oo
█.█ █......o..██.███.█████ █.█
█....(o...██.█ █...
███.████....@..█.██.█


█████ █████.).........K.██ ██.█ ███ ......█.█████████.█ ██.█ █.> ███████.█ .█
█... █.. ██ █.███ .██....█. █.. .█ █..(█ ......... █.. .█ ███.█ .██... █>. █..
█<█ .██.█.█.█.█ █.. ███████ .██.█..█.█[███.. You could see an orc priest, an orc
wizard, 2 orcs and a kobold.

Vanquished Creatures
  6 adders
  An ooze (D:3)
  6 worms
  3 dart slugs
  4 leopard geckos
  4 orcs (D:3)
  4 giant cockroaches
  7 goblins
  5 hobgoblins
  4 jackals
  2 ball pythons
  4 bats
  5 frilled lizards
  8 kobolds
  7 rats
70 creatures vanquished.

Notes
Turn   | Place    | Note
-------+----------+-------------------------------------------
     0 | D:1      | nht the Ogre Gladiator began the quest for the Orb.
     0 | D:1      | Reached XP level 1. HP: 22/22 MP: 1/1
   526 | D:1      | Reached XP level 2. HP: 29/29 MP: 2/2
   717 | D:1      | Reached skill level 4 in Staves
   971 | D:2      | Reached XP level 3. HP: 35/36 MP: 3/3
  1000 | D:2      | Found an iron altar of Okawaru.
  1020 | D:2      | Became a worshipper of Warmaster Okawaru
  1291 | D:2      | Found a shadowy altar of Dithmenos.
  1637 | D:2      | Reached XP level 4. HP: 32/44 MP: 4/4
  1813 | D:2      | Reached skill level 5 in Staves
  2377 | D:3      | Reached XP level 5. HP: 22/50 MP: 5/5
  2668 | D:3      | Found a shimmering altar of Xom.
  3145 | D:3      | HP: 1/50 [kobold/whip of electrocution (7)]
  3145 | D:3      | Demolished by a kobold

Vault maps used:
D:1:      dpeg_arrival_more_subterranean_lakeside_camping,
          minmay_small_reverse_x
D:2:      kennysheep_six_static_rooms, nicolae_overflow_hidden_temple,
          okawaru_trees_2, kennysheep_generic_room_15
D:3:      overflow_temple_1_default, tgw_xom

Skill      XL: |  1  2  3  4 |
---------------+-------------+-----
Staves         | 4 5 |  5.9
Fighting       | |  2.6
Throwing       | |  2.0
Dodging        | |  2.6

Action                   |  1- 3 |  4- 6 || total
-------------------------+-------+-------++-------
Melee: Quarterstaff      |   110 |   143 ||   253
Throw: Throwing net      |       |     1 ||     1
  Use: Potion            |     4 |     5 ||     9
       Scroll            |       |     7 ||     7
 Stab: Sleeping          |     2 |       ||     2
  Eat: Chunk             |     2 |     5 ||     7
Armor: Robe              |    24 |    41 ||    65
Dodge: Dodged            |    53 |    78 ||   131
